 Dungeon Crawl Stone Soup version 0.28.0-45-g0d030f2227 (webtiles) character file.

Game seed: 3209486669246731204

68 101zpm the Magician (level 4, -5/31 HPs)
             Began as a Djinni Ice Elementalist on Apr 17, 2022.
             Killed by nerve-wracking pain
             ... invoked by a shadow imp
              (7 damage)
             ... on level 3 of the Dungeon.
             The game lasted 00:04:32 (2449 turns).

101zpm the Magician (Djinni Ice Elementalist)       Turns: 2449, Time: 00:04:33

Health: -5/31      AC:  2    Str:  7    XL:     4   Next: 41%
Gold:   110        EV: 12    Int: 18    God:
                   SH:  0    Dex: 14

rFire   + + .      SeeInvis .   (no weapon)
rCold   x . .      Faith    .   (no shield)
rNeg    . . .      Spirit   .   a - +0 robe
rPois   ∞          Reflect  .   (no helmet)
rElec   .          Harm     .   (no cloak)
rCorr   .          Rampage  .   (no gloves)
Will    .....                   (boots unavailable)
Stlth   ++........              (no amulet)
HPRegen 0.10/turn               (no ring)
MPRegen 0.00/turn               (no ring)

@: flying
A: sickness immunity, fire resistance 2, cold vulnerability 1, float, innate
caster, HP casting, extra vitality 1
a: no special abilities


You were on level 3 of the Dungeon.
You visited 1 branch of the dungeon, and saw 3 of its levels.

You collected 110 gold pieces.

Inventory:

Missiles
 b - 4 atropa-tipped darts
 f - 15 sling bullets
 g - 32 arrows
 h - 46 stones
Armour
 a - a +0 robe (worn)
Jewellery
 i - a ring of protection from fire
 m - a +6 ring of strength
Scrolls
 c - a scroll of fear {unknown}
 e - 2 scrolls of teleportation {unknown}
 j - a scroll of immolation {unknown}
 p - a scroll of identify {unknown}
Potions
 d - a potion of curing {unknown}
 k - a potion of heal wounds {unknown}
 l - a potion of flight {unknown}
 n - a potion of magic {unknown}
 o - a potion of mutation {unknown}


   Skills:
 + Level 2.6 Dodging
 + Level 1.8 Stealth
 + Level 4.2 Spellcasting


You couldn't memorise any spells.
You knew the following spells:

 Your Spells              Type           Power      Damage    Failure   Level
a - Freeze                Ice            76%        1d9       2%          1
b - Frozen Ramparts       Ice            38%        1d5       8%          3
c - Ozocubu's Armour      Ice            19%        N/A       8%          3
d - Hailstorm             Conj/Ice       19%        3d6       26%         4
e - Summon Small Mammal   Summ           76%        N/A       2%          1
Your spell library was empty.

Dungeon Overview and Level Annotations

Branches:
Dungeon (3/15)

Altars:


Innate Abilities, Weirdness & Mutations

You are immune to sickness and miasma.
You are immune to poison.
Your flesh is very heat resistant. (rF++)
You are vulnerable to cold. (rC-)
You float through the air rather than walking.
You learn spells naturally, not from books.
Your magical power is your life essence.
You have superior vitality. (+4 MHP)


Message History

The shadow imp completely resists.
The wall freezes the shadow imp but does no damage.
The shadow imp gestures at you. Pain shoots through your body!
A kobold comes into view. It is wielding a +0 dagger.
The shadow imp completely resists.
The wall freezes the shadow imp but does no damage.
The shadow imp completely resists.
The wall freezes the shadow imp but does no damage.
The shadow imp gestures at you. Pain shoots through your body!
* * * LOW HITPOINT WARNING * * *
The shadow imp completely resists.
The wall freezes the shadow imp but does no damage.
The wall freezes the kobold.
You kill the kobold!
The shadow imp completely resists.
The wall freezes the shadow imp but does no damage.
The shadow imp hits you.
* * * LOW HITPOINT WARNING * * *
Casting: Frozen Ramparts (quite dangerous; 8% risk of failure)
Confirm with . or Enter, or press ? or * to list all spells.
You miscast Summon Small Mammal.
You are very lightly contaminated with residual magic.
Nothing appears to happen.
* * * LOW HITPOINT WARNING * * *
The shadow imp resists.
The wall freezes the shadow imp.
The shadow imp hits you.
* * * LOW HITPOINT WARNING * * *
Your frozen ramparts will break if you move.
Continue?
The frozen ramparts melt away as you move.
You see here a bat corpse.
The bat hits you but does no damage. The bat hits you but does no damage.
The bat hits you but does no damage. The bat barely misses you.
Your magical contamination has completely faded away.
The shadow imp gestures at you. Pain shoots through your body!
You die...

.. #.......# . #.# #.
#†# ###.###.###.#.# #
......5.......#
#.#####.#.###.###
##.#####.#b###.#
##...#..........# ##
...#....#@#.##### ##
.# #....#.#.#.# ####.
.##### #.........#
#.... .....##
#####.##### #.##.
......# #...#
#####.##. .#....#
#...# #.....##.
##....# #...#
##.####### ......#
#...########.........
.##...##
#.........##.#.#####.


You could see a shadow imp and a bat.

Vanquished Creatures
  2 adders (D:3)
  A worm (D:3)
  2 dart slugs
  An orc (D:3)
  5 bats
  4 endoplasms
  4 giant cockroaches
  3 quokkas
  4 ball pythons
  4 frilled lizards
  4 goblins
  4 kobolds
  2 rats
40 creatures vanquished.

Notes
Turn   | Place    | Note
-------+----------+-------------------------------------------
     0 | D:1      | 101zpm the Djinni Ice Elementalist began the quest for the
                  | Orb.
     0 | D:1      | Reached XP level 1. HP: 15/15 MP: 0/0
   311 | D:1      | Reached XP level 2. HP: 18/21 MP: 0/0
   863 | D:1      | Reached XP level 3. HP: 20/25 MP: 0/0
   863 | D:1      | Learned a level 1 spell: Summon Small Mammal
  1531 | D:3      | Reached skill level 4 in Spellcasting
  1650 | D:3      | Reached XP level 4. HP: 29/31 MP: 0/0
  2442 | D:3      | HP: 1/31 [shadow imp (4)]
  2449 | D:3      | Killed from afar by a shadow imp

Illustrated notes

Levels and vault maps discovered:
D:1:      nzn_arrival_crosshair, layout_basic
D:2:      layout_basic, basic_altar
D:3:      layout_loops_cross

Skill      XL: |  1  2  3 |
---------------+----------+-----
Spellcasting   | 4 |  4.2
Dodging        | |  2.6
Stealth        | |  1.8

Action                   |  1- 3 |  4- 6 || total
-------------------------+-------+-------++-------
 Cast: Freeze            |    50 |    15 ||    65
       Summon Small Mamm |       |     3 ||     3
       Frozen Ramparts   |       |     2 ||     2
Armor: Robe              |     7 |     7 ||    14
Dodge: Dodged            |    32 |    10 ||    42
